Workbook

Sheet EÜR
A1: Einnahmen-Überschuss-Rechnung
A2: EÜR nach § 4 Abs. 3 EStG: Journal, Kategorien, Gewinn des Jahres
A3: Unternehmen / Jahr | B3: =Journal!B3
A4: Kategorie | B4: Typ | C4: Netto (EUR) | D4: USt / Vorsteuer (EUR)
A5: =Kategorien!B5 | B5: =Kategorien!A5 | C5: =SUMIF(Journal!$D$6:$D$505,A5,Journal!$G$6:$G$505) | D5: =SUMIF(Journal!$D$6:$D$505,A5,Journal!$H$6:$H$505)
A6: =Kategorien!B6 | B6: =Kategorien!A6 | C6: =SUMIF(Journal!$D$6:$D$505,A6,Journal!$G$6:$G$505) | D6: =SUMIF(Journal!$D$6:$D$505,A6,Journal!$H$6:$H$505)
A7: =Kategorien!B7 | B7: =Kategorien!A7 | C7: =SUMIF(Journal!$D$6:$D$505,A7,Journal!$G$6:$G$505) | D7: =SUMIF(Journal!$D$6:$D$505,A7,Journal!$H$6:$H$505)
A8: =Kategorien!B8 | B8: =Kategorien!A8 | C8: =SUMIF(Journal!$D$6:$D$505,A8,Journal!$G$6:$G$505) | D8: =SUMIF(Journal!$D$6:$D$505,A8,Journal!$H$6:$H$505)
A9: =Kategorien!B9 | B9: =Kategorien!A9 | C9: =SUMIF(Journal!$D$6:$D$505,A9,Journal!$G$6:$G$505) | D9: =SUMIF(Journal!$D$6:$D$505,A9,Journal!$H$6:$H$505)
A10: =Kategorien!B10 | B10: =Kategorien!A10 | C10: =SUMIF(Journal!$D$6:$D$505,A10,Journal!$G$6:$G$505) | D10: =SUMIF(Journal!$D$6:$D$505,A10,Journal!$H$6:$H$505)
A11: =Kategorien!B11 | B11: =Kategorien!A11 | C11: =SUMIF(Journal!$D$6:$D$505,A11,Journal!$G$6:$G$505) | D11: =SUMIF(Journal!$D$6:$D$505,A11,Journal!$H$6:$H$505)
A12: =Kategorien!B12 | B12: =Kategorien!A12 | C12: =SUMIF(Journal!$D$6:$D$505,A12,Journal!$G$6:$G$505) | D12: =SUMIF(Journal!$D$6:$D$505,A12,Journal!$H$6:$H$505)
A13: =Kategorien!B13 | B13: =Kategorien!A13 | C13: =SUMIF(Journal!$D$6:$D$505,A13,Journal!$G$6:$G$505) | D13: =SUMIF(Journal!$D$6:$D$505,A13,Journal!$H$6:$H$505)
A14: =Kategorien!B14 | B14: =Kategorien!A14 | C14: =SUMIF(Journal!$D$6:$D$505,A14,Journal!$G$6:$G$505) | D14: =SUMIF(Journal!$D$6:$D$505,A14,Journal!$H$6:$H$505)
A15: =Kategorien!B15 | B15: =Kategorien!A15 | C15: =SUMIF(Journal!$D$6:$D$505,A15,Journal!$G$6:$G$505) | D15: =SUMIF(Journal!$D$6:$D$505,A15,Journal!$H$6:$H$505)
A16: =Kategorien!B16 | B16: =Kategorien!A16 | C16: =SUMIF(Journal!$D$6:$D$505,A16,Journal!$G$6:$G$505) | D16: =SUMIF(Journal!$D$6:$D$505,A16,Journal!$H$6:$H$505)
... A29: =Kategorien!B29 | B29: =Kategorien!A29 | C29: =SUMIF(Journal!$D$6:$D$505,A29,Journal!$G$6:$G$505) | D29: =SUMIF(Journal!$D$6:$D$505,A29,Journal!$H$6:$H$505)
A31: Summe Betriebseinnahmen (netto + USt) | D31: =SUMIF($B$5:$B$29,"Einnahme",$C$5:$C$29)+SUMIF($B$5:$B$29,"Einnahme",$D$5:$D$29)
A32: Summe Betriebsausgaben (netto + Vorsteuer) | D32: =SUMIF($B$5:$B$29,"Ausgabe",$C$5:$C$29)+SUMIF($B$5:$B$29,"Ausgabe",$D$5:$D$29)
A33: Überschuss (Einnahmen abzüglich Ausgaben) | D33: =D31-D32
A34: zuzüglich 30 % Bewirtung und Geschenke über 50 Euro | D34: =ROUND(C19*0.3,2)+C21
A35: Steuerlicher Gewinn | D35: =D33+D34
A37: Hilfsaufstellung, ersetzt nicht die Anlage EÜR: Die Einnahmenüberschussrechnung ist nach amtlich vorgeschriebenem Datensatz elektronisch zu übermitteln (§ 60 Abs. 4 EStDV, ELSTER). Zufluss und Abfluss entscheiden (§ 11 EStG), regelmäßig wiederkehrende Zahlungen kurz um den Jahreswechsel gehören in das Jahr, zu dem sie wirtschaftlich gehören. Vereinnahmte Umsatzsteuer ist Betriebseinnahme, gezahlte Vorsteuer und USt-Zahlungen sind Betriebsausgabe. Bewirtung ist nur zu 70 % abziehbar, Geschenke über 50 Euro gar nicht (§ 4 Abs. 5 EStG). Belege 8 Jahre, Aufzeichnungen 10 Jahre aufbewahren (§ 147 AO).

Sheet Journal
A1: Journal der Einnahmen und Ausgaben
A2: Ein Beleg je Zeile, Datum des Zahlungseingangs oder Zahlungsausgangs (§ 11 EStG)
A3: Unternehmen / Jahr
A5: Datum | B5: Beleg-Nr. | C5: Beschreibung | D5: Kategorie | E5: Brutto (EUR) | F5: USt-Satz | G5: Netto (EUR) | H5: USt / Vorsteuer (EUR) | I5: Typ | K5: USt-Sätze
G6: =IF(E6="","",ROUND(E6/(1+N(F6)),2)) | H6: =IF(E6="","",E6-G6) | I6: =IF(D6="","",IFERROR(INDEX(Kategorien!$A$5:$A$29,MATCH(D6,Kategorien!$B$5:$B$29,0)),"?")) | K6: 0
G7: =IF(E7="","",ROUND(E7/(1+N(F7)),2)) | H7: =IF(E7="","",E7-G7) | I7: =IF(D7="","",IFERROR(INDEX(Kategorien!$A$5:$A$29,MATCH(D7,Kategorien!$B$5:$B$29,0)),"?")) | K7: 0.07
G8: =IF(E8="","",ROUND(E8/(1+N(F8)),2)) | H8: =IF(E8="","",E8-G8) | I8: =IF(D8="","",IFERROR(INDEX(Kategorien!$A$5:$A$29,MATCH(D8,Kategorien!$B$5:$B$29,0)),"?")) | K8: 0.19
G9: =IF(E9="","",ROUND(E9/(1+N(F9)),2)) | H9: =IF(E9="","",E9-G9) | I9: =IF(D9="","",IFERROR(INDEX(Kategorien!$A$5:$A$29,MATCH(D9,Kategorien!$B$5:$B$29,0)),"?"))
G10: =IF(E10="","",ROUND(E10/(1+N(F10)),2)) | H10: =IF(E10="","",E10-G10) | I10: =IF(D10="","",IFERROR(INDEX(Kategorien!$A$5:$A$29,MATCH(D10,Kategorien!$B$5:$B$29,0)),"?"))
G11: =IF(E11="","",ROUND(E11/(1+N(F11)),2)) | H11: =IF(E11="","",E11-G11) | I11: =IF(D11="","",IFERROR(INDEX(Kategorien!$A$5:$A$29,MATCH(D11,Kategorien!$B$5:$B$29,0)),"?"))
G12: =IF(E12="","",ROUND(E12/(1+N(F12)),2)) | H12: =IF(E12="","",E12-G12) | I12: =IF(D12="","",IFERROR(INDEX(Kategorien!$A$5:$A$29,MATCH(D12,Kategorien!$B$5:$B$29,0)),"?"))
G13: =IF(E13="","",ROUND(E13/(1+N(F13)),2)) | H13: =IF(E13="","",E13-G13) | I13: =IF(D13="","",IFERROR(INDEX(Kategorien!$A$5:$A$29,MATCH(D13,Kategorien!$B$5:$B$29,0)),"?"))
G14: =IF(E14="","",ROUND(E14/(1+N(F14)),2)) | H14: =IF(E14="","",E14-G14) | I14: =IF(D14="","",IFERROR(INDEX(Kategorien!$A$5:$A$29,MATCH(D14,Kategorien!$B$5:$B$29,0)),"?"))
G15: =IF(E15="","",ROUND(E15/(1+N(F15)),2)) | H15: =IF(E15="","",E15-G15) | I15: =IF(D15="","",IFERROR(INDEX(Kategorien!$A$5:$A$29,MATCH(D15,Kategorien!$B$5:$B$29,0)),"?"))
G16: =IF(E16="","",ROUND(E16/(1+N(F16)),2)) | H16: =IF(E16="","",E16-G16) | I16: =IF(D16="","",IFERROR(INDEX(Kategorien!$A$5:$A$29,MATCH(D16,Kategorien!$B$5:$B$29,0)),"?"))
G17: =IF(E17="","",ROUND(E17/(1+N(F17)),2)) | H17: =IF(E17="","",E17-G17) | I17: =IF(D17="","",IFERROR(INDEX(Kategorien!$A$5:$A$29,MATCH(D17,Kategorien!$B$5:$B$29,0)),"?"))
G18: =IF(E18="","",ROUND(E18/(1+N(F18)),2)) | H18: =IF(E18="","",E18-G18) | I18: =IF(D18="","",IFERROR(INDEX(Kategorien!$A$5:$A$29,MATCH(D18,Kategorien!$B$5:$B$29,0)),"?"))
G19: =IF(E19="","",ROUND(E19/(1+N(F19)),2)) | H19: =IF(E19="","",E19-G19) | I19: =IF(D19="","",IFERROR(INDEX(Kategorien!$A$5:$A$29,MATCH(D19,Kategorien!$B$5:$B$29,0)),"?"))
G20: =IF(E20="","",ROUND(E20/(1+N(F20)),2)) | H20: =IF(E20="","",E20-G20) | I20: =IF(D20="","",IFERROR(INDEX(Kategorien!$A$5:$A$29,MATCH(D20,Kategorien!$B$5:$B$29,0)),"?"))
... G505: =IF(E505="","",ROUND(E505/(1+N(F505)),2)) | H505: =IF(E505="","",E505-G505) | I505: =IF(D505="","",IFERROR(INDEX(Kategorien!$A$5:$A$29,MATCH(D505,Kategorien!$B$5:$B$29,0)),"?"))

Sheet Kategorien
A1: Kategorien
A2: Auswahlliste für das Journal; Bezeichnungen dürfen angepasst werden
A4: Typ | B4: Kategorie
A5: Einnahme | B5: Erlöse 19 % USt
A6: Einnahme | B6: Erlöse 7 % USt
A7: Einnahme | B7: Erlöse ohne USt (Kleinunternehmer, steuerfrei)
A8: Einnahme | B8: Sonstige Betriebseinnahmen
A9: Einnahme | B9: USt-Erstattung vom Finanzamt
A10: Ausgabe | B10: Wareneinkauf, Material
A11: Ausgabe | B11: Fremdleistungen
A12: Ausgabe | B12: Personal (Löhne, Sozialabgaben)
A13: Ausgabe | B13: Raumkosten (Miete, Energie, Reinigung)
A14: Ausgabe | B14: Telefon und Internet
A15: Ausgabe | B15: Bürobedarf und Porto
... A29: Ausgabe | B29: USt-Zahlung an das Finanzamt
